 Dungeon Crawl Stone Soup version 0.31.0-11-ge490571c62 (webtiles) character file.

Game seed: 8983361402739572097

20 qw the Shooter (level 2, -1/14 HPs)
             Began as a Spriggan Hunter on Feb 4, 2024.
             Killed from afar by Natasha (7 damage)
             ... with a magic dart
             ... on level 1 of the Dungeon.
             The game lasted 00:00:01 (554 turns).

qw the Shooter (Spriggan Hunter)                     Turns: 554, Time: 00:00:02

Health: -1/14      AC:  2    Str:  7    XL:     2   Next: 58%
Magic:  3/3        EV: 19    Int: 10    God:
Gold:   62         SH:  0    Dex: 18    Spells: 1/1 levels left

rFire   . . .        a - +0 shortbow
rCold   . . .        (shield currently unavailable)
rNeg    . . .        c - +0 robe
rPois   .            (helmet restricted)
rElec   .            (no cloak)
rCorr   .            (gloves unavailable)
SInv    +            (boots unavailable)
Will    +....        (no amulet)
Stlth   ++           (no ring)
HPRegen 0.22/turn    (no ring)
MPRegen 0.08/turn

%: no passive effects
@: enlightened, flying, very quick
A: very small, no large weapons, unfitting armour, see invisible, speed 3
a: no special abilities


You were on level 1 of the Dungeon.
You visited 1 branch of the dungeon, and saw 2 of its levels.

You collected 62 gold pieces.


Innate Abilities, Weirdness & Mutations

You are very small and have problems with some larger weapons.
You are too small for most types of armour.
You have supernaturally acute eyesight. (SInv)
You cover ground extremely quickly. (Speed+++)


   Skills:
 - Level 1.5 Fighting
 + Level 4.2 Ranged Weapons
 - Level 4.0 Dodging
 - Level 1.5 Stealth


You had one spell level left.
You didn't know any spells.
Your spell library was empty.

Inventory:

Hand Weapons
 a - a +0 shortbow (weapon)
Armour
 c - a +0 robe (worn)
Potions
 h - a potion of enlightenment
 i - a potion of cancellation

Dungeon Overview and Level Annotations

Branches:
Dungeon (2/15)

Altars:

Annotations:
D:1 Natasha


Message History

You fly downwards.
Found a white potion and 9 gold pieces.
There is a stone staircase leading up here.
There are monsters nearby!
Waypoint 1 assigned to D:2.
You shoot an arrow. The arrow hits the endoplasm.
You kill the endoplasm!
Natasha hisses angrily.
You shoot an arrow.
The arrow barely misses the giant cockroach.
545 ||| STAIRDANCE Natasha mumbles some strange words.
The giant cockroach misses you.
You fly upwards.
There is a stone staircase leading down here.
You shoot an arrow. The arrow hits the giant cockroach.
You kill the giant cockroach!
You fly downwards.
Level annotation: Natasha
There is a stone staircase leading up here.
You shoot an arrow.
The arrow hits Natasha but does no damage.
The cerulean imp completely misses you. Natasha barely misses you.
551 ||| STAIRDANCE The cerulean imp misses you.
Natasha stares at you and mumbles some strange words.
The magic dart hits you!
Ouch! That really hurt!
You fly upwards.
The cerulean imp disappears in a puff of smoke!
There is a stone staircase leading down here.
You shoot an arrow. The arrow hits Natasha!
Natasha is heavily wounded.
Natasha casts a spell.
You shoot an arrow. The arrow hits Natasha.
Natasha is heavily wounded.
Natasha casts a spell at you. The magic dart hits you!
Ouch! That really hurt!
You die...
Natasha curls up and begins to purr.

###### #....# ## #....# .##
#....# ..## #....# ...# #....#
...# #....# ##### ...#
#5h@.####...# ..)#
#...%#....)## ...#
##.##...##..# ...##
###..#..##...##
....#######....#.##..###
.........##....#.##.##########
....................# #......#
......#...#...##.#### #......#
..###.......###..## #......#


You could see Natasha and a cerulean imp (summoned).

Vanquished Creatures
  2 endoplasms
  3 giant cockroaches (D:1)
  A goblin (D:1)
  A hobgoblin (D:1)
  A kobold (D:1)
  2 quokkas (D:1)
  A ball python (D:1)
  3 bats (D:1)
  4 rats (D:1)
18 creatures vanquished.

Notes
Turn   | Place    | Note
-------+----------+-------------------------------------------
     0 | D:1      | qw the Spriggan Hunter began the quest for the Orb.
     0 | D:1      | Reached XP level 1. HP: 10/10 MP: 2/2
     0 | D:1      | 0 ||| qw: Version: 0.3-a-160-g6735b56
     0 | D:1      | 0 ||| qw: Game counter: 5480
     0 | D:1      | 0 ||| qw: Melee chars always use a shield: true
     0 | D:1      | 0 ||| qw: God list: Okawaru
     0 | D:1      | 0 ||| qw: Allow faded altars: false
     0 | D:1      | 0 ||| qw: Do Orc after clearing Dungeon:15 true
     0 | D:1      | 0 ||| qw: Do second Lair branch before Depths: true
     0 | D:1      | 0 ||| qw: Lair rune preference: random
     0 | D:1      | 0 ||| qw: Goals: Normal
     0 | D:1      | 0 ||| PLANNING D:1-11
    15 | D:1      | Reached skill level 3 in Dodging
    46 | D:1      | Reached XP level 2. HP: 14/14 MP: 3/3
   511 | D:1      | 511 ||| READING scroll labelled YCUNNU MUQE.
   515 | D:1      | 515 ||| READING scroll labelled USTYUZU VUISAGOQ.
   516 | D:1      | 516 ||| READING scroll labelled LURELE LEASHON.
   516 | D:1      | 516 ||| ENCHANTING +0 shortbow.
   517 | D:1      | 517 ||| READING scroll labelled RYIF LY JAATUU.
   517 | D:1      | 517 ||| IDENTIFYING metallic brown potion
   518 | D:1      | 518 ||| DRINKING 2 black potions.
   519 | D:1      | 519 ||| DROPPING scroll of butterflies.
   542 | D:2      | Noticed Natasha
   545 | D:2      | 545 ||| STAIRDANCE
   551 | D:2      | 551 ||| STAIRDANCE
   554 | D:1      | Killed from afar by Natasha

Levels and vault maps discovered:
D:1:      erik_arrival_triangle_small, layout_rooms
D:2:      layout_basic, minmay_misc_feat_chi, uniq_natasha

Skill      XL: |  1  2 |
---------------+-------+-----
Dodging        | 3 4 |  4.0
Fighting       | |  1.5
Ranged Weapons | |  4.2
Stealth        | |  1.5

Action                     || total
---------------------------++-------
   Fire: Shortbow          ||    46
    Use: Scroll            ||     4
         Potion            ||     1
 Armour: Robe              ||     5
  Dodge: Dodged            ||    10

Table legend:
 A = Non-vault XP
 B = Vault XP
 C = Vault XP percentage of total XP
 D = Non-vault monster count
 E = Vault monster count
 F = Vault count percentage of total count
                 A         B        C        D         E       F
            +---------+---------+-------+---------+---------+-------
      Total |      29 |       0 |   0.0 |      18 |       0 |   0.0
            +---------+---------+-------+---------+---------+-------
        D:1 |      27 |       0 |   0.0 |      17 |       0 |   0.0
        D:2 |       2 |       0 |   0.0 |       1 |       0 |   0.0
            +---------+---------+-------+---------+---------+-------
